 Dungeon Crawl Stone Soup version 0.28.0-45-g0d030f2227 (webtiles) character file.

Game seed: 13923193465374170282

302 McKennaii the Conjurer (level 6, 41/41 HPs)
             Began as a Demonspawn Conjurer on Apr 12, 2022.
             Quit the game on level 5 of the Dungeon.
             The game lasted 00:02:32 (4921 turns).

McKennaii the Conjurer (Demonspawn Conjurer)        Turns: 4921, Time: 00:02:33

Health: 41/41      AC:  4    Str:  8    XL:     6   Next: 14%
Magic:  12/12      EV: 12    Int: 21    God:
Gold:   110        SH:  4    Dex: 11    Spells: 10/13 levels left

rFire   . . .      SeeInvis .   (no weapon)
rCold   . . .      Faith    .   (no shield)
rNeg    . . .      Spirit   .   a - +0 robe
rPois   .          Reflect  .   (helmet restricted)
rElec   .          Harm     .   n - +1 cloak
rCorr   .          Rampage  .   (no gloves)
Will    .....                   (no boots)
Stlth   ++........              (no amulet)
HPRegen 0.13/turn               (no ring)
MPRegen 0.13/turn               (no ring)

@: no status effects
A: horns 1, spiny 1, condensation shield
a: no special abilities


You were on level 5 of the Dungeon.
You visited 1 branch of the dungeon, and saw 5 of its levels.

You collected 110 gold pieces.

Inventory:

Armour
 a - a +0 robe (worn)
 n - a +1 cloak (worn)
 r - the +3 ring mail of Whack-A-Mole {Str+4}
   (You found it on level 4 of the Dungeon)

   Str:       It affects your strength (+4).
Jewellery
 o - an amulet of faith
Wands
 m - a wand of digging (6)
 t - a wand of mindburst (20)
Scrolls
 b - a scroll of enchant armour {unknown}
 c - a scroll of amnesia {unknown}
 f - 4 scrolls of identify {unknown}
 i - a scroll of brand weapon {unknown}
 j - a scroll of summoning {unknown}
 p - a scroll of torment {unknown}
 q - a scroll of magic mapping {unknown}
 s - a scroll of enchant weapon {unknown}
Potions
 d - 3 potions of mutation {unknown}
 e - a potion of berserk rage {unknown}
 g - 2 potions of heal wounds {unknown}
 h - a potion of haste {unknown}
 k - a potion of cancellation {unknown}
 l - a potion of attraction {unknown}


   Skills:
 - Level 1.7 Dodging
 - Level 1.7 Stealth
 + Level 4.4 Spellcasting
 + Level 6.0 Conjurations


You had 10 spell levels left.
You knew the following spells:

 Your Spells              Type           Power      Damage    Failure   Level
a - Magic Dart            Conj           100%       1d8       1%          1
b - Searing Ray           Conj           58%        2d6       1%          2

Your spell library contained the following spells:

 Spells                   Type           Power      Damage    Failure   Level
 Dazzling Flash           Conj/Hex       34%        N/A       10%         3
 Fulminant Prism          Conj/Hex       8%         3d7       32%         4
 Iskenderun's Mystic Bla  Conj/Tloc      17%        2d5       32%         4
 Chain Lightning          Conj/Air       8%         3d11      100%        9
 Fire Storm               Conj/Fire      8%         8d2       100%        9
 Shatter                  Erth           2%         3d6*      100%        9


Dungeon Overview and Level Annotations

Branches:
Dungeon (5/15)
 Temple: D:4-7

Altars:
Ru
Uskayaw
Xom

Shops:
D:3 (


Innate Abilities, Weirdness & Mutations

You have a pair of small horns on your head.
You are partially covered in sharp spines.
A meltable shield of frost defends you. (SH +4)


Message History

There is an open door here.
You open the door.
There is an open door here.
t - a wand of mindburst (20)
You can't see any susceptible monsters within range! (Use Z to cast anyway.)
There is an open door here.
An orc comes into view. It is wielding a +0 falchion.
The magic dart hits the orc.
You kill the orc!
A quokka comes into view.
The magic dart hits the quokka!
You kill the quokka!
Things that are here:
a +0 falchion; a +0 leather armour; an orc corpse You can't see any susceptible monsters within range! (Use Z to cast anyway.)
You open the door.
There is an open door here.
A hound comes into view.
The magic dart hits the hound.
The hound is moderately wounded.
The hound barks!
A hound is nearby!
The magic dart hits the hound but does no damage.
The hound is moderately wounded.
A hound is nearby!
The magic dart hits the hound.
The hound is severely wounded.
A hound is nearby!
The magic dart hits the hound.
The hound is severely wounded.
A hound is nearby!
The magic dart hits the hound.
The hound is almost dead.
The hound is struck by your spines.
You kill the hound!
Your Conjurations skill increases to level 6!
Found 14 stones.
You see here a hound corpse.
You can't see any susceptible monsters within range! (Use Z to cast anyway.) Are you sure you want to abandon this character and quit the game? (Confirm with "yes".)

## #...........#....
...##...........#....
................#....
..##....##.....#...[
###'###.)..##....
#....##....##....
.#######.....#..........
.............#..........
.......@.....#..........
.............#..........
............##....##....
###...##....##....##....
#... #....##....######
#.... ...........# #...
........ #..( ....$..


There were no monsters in sight!

Vanquished Creatures
  2 orc priests
  A hound (D:5)
  A bullfrog skeleton (D:5)
  2 hound skeletons
  A howler monkey zombie (D:3)
  6 adders
  An adder skeleton (D:4)
  A worm (D:3)
  A dart slug (D:1)
  10 orcs
  3 ball pythons
  4 bats
  6 endoplasms
  2 giant cockroaches
  9 goblins
  5 hobgoblins
  2 jackals (D:1)
  5 quokkas
  14 frilled lizards
  6 kobolds
  2 rats (D:2)
84 creatures vanquished.

Vanquished Creatures (others)
  4 plants (D:2)
4 creatures vanquished.

Grand Total: 88 creatures vanquished

Notes
Turn   | Place    | Note
-------+----------+-------------------------------------------
     0 | D:1      | McKennaii the Demonspawn Conjurer began the quest for the
                  | Orb.
     0 | D:1      | Reached XP level 1. HP: 13/13 MP: 3/3
   319 | D:1      | Gained mutation: A meltable shield of frost defends you.
                  | (SH +4) [demonic ancestry]
   319 | D:1      | Reached XP level 2. HP: 19/19 MP: 0/5
  1133 | D:2      | Gained mutation: You have a pair of small horns on your
                  | head. [demonic ancestry]
  1133 | D:2      | Reached XP level 3. HP: 24/24 MP: 2/7
  1430 | D:2      | Found a faded altar of an unknown god.
  2109 | D:2      | Reached XP level 4. HP: 30/30 MP: 5/8
  2267 | D:3      | Found Vaoroam's Antique Weapon Boutique.
  2348 | D:3      | Reached skill level 5 in Conjurations
  2473 | D:3      | Learned a level 2 spell: Searing Ray
  2696 | D:3      | Found a hide-covered altar of Uskayaw.
  3219 | D:3      | Reached XP level 5. HP: 35/35 MP: 5/10
  4128 | D:4      | Found a sacrificial altar of Ru.
  4660 | D:4      | Identified the +3 ring mail of Whack-A-Mole {Str+4}
  4675 | D:5      | Entered Level 5 of the Dungeon
  4682 | D:5      | Gained mutation: You are partially covered in sharp spines.
                  | [demonic ancestry]
  4682 | D:5      | Reached XP level 6. HP: 40/41 MP: 5/12
  4771 | D:5      | Found a shimmering altar of Xom.
  4887 | D:5      | Reached skill level 6 in Conjurations
  4921 | D:5      | Quit the game

Illustrated notes

Levels and vault maps discovered:
D:1:      amcnicky_arrival_flooded_fountain, layout_basic
D:2:      layout_loops_corners, basic_ecumenical_altar, minmay_lizard_king
D:3:      layout_loops_ring, eat_drink_and_be_merry_uskayaw, serial_shops,
          nicolae_shop_hallway_stairs, chequers_serial_rivers_marsh
D:4:      layout_cave_pools, nicolae_ru_the_path_less_chosen, minivault_5
D:5:      layout_gridville, kennysheep_little_box, grunt_gozag_breadcrumbs,
          uniq_pikel, uniq_grinder

Skill      XL: |  1  2  3  4  5  6 |
---------------+-------------------+-----
Spellcasting   | 3 4 |  4.4
Conjurations   | 5 6 |  6.0
Dodging        | |  1.7
Stealth        | |  1.7

Action                   |  1- 3 |  4- 6 || total
-------------------------+-------+-------++-------
Melee: Unarmed           |    19 |    30 ||    49
       Headbutt          |     1 |     6 ||     7
       Punch             |       |     1 ||     1
 Cast: Magic Dart        |    68 |   120 ||   188
Armor: Robe              |     2 |     6 ||     8
Dodge: Dodged            |    11 |    24 ||    35
Block: Other             |       |     6 ||     6
